 Dungeon Crawl Stone Soup version 0.17-a0-1164-g0ba867e (webtiles) character file.

38 DakoDarkAxe the Skirmisher (level 3, -7/30 HPs)
             Began as a Demonspawn Berserker on May 28, 2015.
             Was a Believer of Trog.
             Killed by divine providence
             ... invoked by an orc priest
              (15 damage)
             ... on level 4 of the Dungeon.
             The game lasted 00:06:24 (1551 turns).

DakoDarkAxe the Skirmisher (Demonspawn Berserker)   Turns: 1551, Time: 00:06:24

Health: -7/30      AC: 10    Str: 17    XL:     3   Next: 25%
Magic:  3/3        EV:  9    Int:  8    God:    Trog [**....]
Gold:   26         SH:  3    Dex: 12    Spells: 0 memorised, 2 levels left

rFire  . . .     SeeInvis .     a - +0 spear
rCold  . . .     Clarity  .     n - +0 scale mail (curse)
rNeg   . . .     SustAt   .     f - +0 buckler
rPois  .         Gourm    .     (no helmet)
rElec  .         Spirit   .     (no cloak)
rCorr  .         Warding  .     (no gloves)
rMut   .         Stasis   .     (no boots)
MR     .....                    (no amulet)
Stlth  ..........               (no ring)
                                (no ring)

@: not resistant to hostile enchantments, extremely unstealthy
A: rough black scales 1, powered by pain 1
a: Burn Spellbooks, Berserk, Trog's Hand, Renounce Religion


You were on level 4 of the Dungeon.
You worshipped Trog.
Trog was pleased with you.
You were not hungry.

You visited 1 branch of the dungeon, and saw 4 of its levels.

You collected 26 gold pieces.

Inventory:

Hand weapons
 a - a +0 spear (weapon)
Missiles
 d - 42 stones (quivered)
Armour
 b - a +0 animal skin
 f - a +0 buckler (worn)
 n - a cursed +0 scale mail (worn)
Jewellery
 p - an uncursed ring of fire
Scrolls
 g - a scroll of identify
 i - a scroll of magic mapping
 m - a scroll of immolation
Potions
 e - a potion of curing {unknown}
 h - a potion of heal wounds {unknown}
 k - a potion of mutation {unknown}
 l - a potion of resistance {unknown}
Comestibles
 c - a bread ration
 j - a slice of pizza
 o - a meat ration


   Skills:
 + Level 3.7 Fighting
 + Level 2.9 Polearms
 + Level 0.1 Throwing
 + Level 1.8 Armour
 + Level 2.1 Dodging
 + Level 0.4 Stealth
 + Level 0.3 Shields


You had 2 spell levels left.
You didn't know any spells.

Dungeon Overview and Level Annotations

Branches:
Dungeon (4/15)
 Temple: D:4-7

Altars:
Cheibriados
Xom


Innate Abilities, Weirdness & Mutations

You are partially covered in rough black scales (AC +4, Dex -1).
You sometimes gain a little power by taking damage.


Message History

A giant newt comes into view.
You hit the orc priest but do no damage.
The orc priest is moderately wounded.
The orc priest invokes the aid of Beogh against you.
Pain shoots through your body!
* * * LOW HITPOINT WARNING * * *
You hit the orc priest but do no damage.
The orc priest is moderately wounded.
The orc priest hits you but does no damage.
You hit the orc priest.
The orc priest is moderately wounded.
You block the orc priest's attack.
You hit the orc priest.
The orc priest is heavily wounded.
You barely miss the orc priest.
The orc priest is heavily wounded.
The orc priest invokes the aid of Beogh against you.
Something smites you!
Ouch! That really hurt!
You die...

#.....#
#.....# #.#
#.....# #.#
####.## #.#
#.# #.# #.#
#l# #.# #.#
#.# #o# #.#
#@#
#.#########)#
#...........#
#############


You could see an orc priest and a giant newt.

Vanquished Creatures
  2 giant geckos (D:2)
  3 orcs
  3 bats
  3 giant cockroaches
  7 hobgoblins
  5 kobolds
  2 quokkas (D:2)
  A giant newt (D:1)
  3 rats
29 creatures vanquished.

Notes
Turn   | Place    | Note
--------------------------------------------------------------
     0 | D:1      | DakoDarkAxe the Demonspawn Berserker began the quest for the Orb.
     0 | D:1      | Reached XP level 1. HP: 18/18 MP: 1/1
   315 | D:1      | Found a snail-covered altar of Cheibriados.
   546 | D:1      | Gained mutation: You are partially covered in rough black scales (AC +4, Dex -1). [demonic ancestry]
   546 | D:1      | Reached XP level 2. HP: 14/24 MP: 2/2
   934 | D:2      | Found a shimmering altar of Xom.
  1091 | D:2      | Acquired Trog's second power
  1147 | D:2      | Gained mutation: You sometimes gain a little power by taking damage. [demonic ancestry]
  1147 | D:2      | Reached XP level 3. HP: 13/29 MP: 3/3
  1551 | D:4      | Killed from afar by an orc priest

Vault maps used:
D:1:      wheals_arrival_linesprint, cheibriados_altar_1
D:2:      xom_teletrap_fun
D:4:      nicolae_gozag_cash_rules_everything_around_me, lemuel_doored_altar,
          grunt_dithmenos_smoke_and_mirrors, serial_shops, shop, uniq_pikel

Action                   || total
-------------------------++-------
Melee: Spear             ||   151
Throw: Stone             ||    22
  Use: Scroll            ||     4
  Eat: Fruit             ||     2
